 Dungeon Crawl Stone Soup version 0.16-a0-2683-gc417ed5 (webtiles) character file.

1720 Fiveotanaka the Covert (level 9, -20/68 HPs)
             Began as a Naga Fire Elementalist on Nov 25, 2014.
             Was an Initiate of Vehumet.
             Demolished by a hill giant
             ... wielding a cursed -2 giant spiked club
              (25 damage)
             ... on level 7 of the Dungeon.
             The game lasted 00:52:02 (9375 turns).

Fiveotanaka the Covert (Naga Fire Elementalist)     Turns: 9375, Time: 00:52:02

Health: -20/68     AC:  8    Str: 11      XL:     9   Next: 4%
Magic:  19/22      EV:  9    Int: 18      God:    Vehumet [......]
Gold:   179        SH:  0    Dex: 10 (12) Spells: 4 memorised, 9 levels left

rFire  + . .     SeeInvis +     m - +3 short sword (speed)
rCold  + . .     Clarity  .     i - +2 robe {rC+}
rNeg   . . .     SustAb   .     (no shield)
rPois  +         Gourm    .     o - +0 helmet
rElec  .         Spirit   .     (no cloak)
rCorr  .         Warding  .     t - +0 pair of gloves
rMut   .         Stasis   .     (no barding)
MR     +....                    (no amulet)
Stlth  ++++......               v - ring of protection from fire
                                (no ring)

@: very slow, somewhat resistant to hostile enchantments, stealthy
A: spit poison, see invisible, deformed body, poison resistance, slowness 2, AC
+3
a: Spit Poison, Renounce Religion


You were on level 7 of the Dungeon.
You worshipped Vehumet.
Vehumet was noncommittal.
You were not hungry.

You visited 2 branches of the dungeon, and saw 8 of its levels.

You collected 264 gold pieces.
You spent 85 gold pieces at shops.

Inventory:

Hand weapons
 m - a +3 short sword of speed (weapon)
Missiles
 e - 145 stones (quivered)
 l - a throwing net
 x - 19 poisoned needles
 y - 2 curare-tipped needles
Armour
 i - a +2 robe of cold resistance (worn)
 o - a +0 helmet (worn)
 t - a +0 pair of gloves (worn)
Jewellery
 v - a ring of protection from fire (right hand)
Magical devices
 u - a wand of slowing (12)
 I - a wand of paralysis (4)
Scrolls
 f - a scroll of recharging {unknown}
 g - 2 scrolls of teleportation
 h - 2 scrolls of fear {unknown}
 j - 2 scrolls of fog {unknown}
 k - 2 scrolls of enchant armour {unknown}
 p - 2 scrolls of magic mapping
 s - 4 scrolls of remove curse {unknown}
 z - a scroll of amnesia {unknown}
 E - 2 scrolls of identify
Potions
 a - a potion of restore abilities {unknown}
 d - 2 potions of cure mutation {unknown}
 w - a potion of flight {unknown}
 C - a potion of haste {unknown}
 D - a potion of beneficial mutation {unknown}
 G - a potion of brilliance {unknown}
 H - a potion of might {unknown}
Books
 b - a book of Flames

   Spells                             Type                      Level
   *Flame Tongue                      Conjuration/Fire             1
   *Throw Flame                       Conjuration/Fire             2
   *Conjure Flame                     Conjuration/Fire             3
   Inner Flame                        Hexes/Fire                   3
   *Sticky Flame                      Conjuration/Fire             4
   Fireball                           Conjuration/Fire             5
 n - a book of Ice

   Spells                             Type                      Level
   Ice Form                           Ice/Transmutation            4
   Metabolic Englaciation             Hexes/Ice                    5
   Ozocubu's Refrigeration            Ice                          6
   Bolt of Cold                       Conjuration/Ice              6
   Freezing Cloud                     Conjuration/Ice/Air          6
   Simulacrum                         Ice/Necromancy               6
Comestibles
 c - 4 bread rations
 q - 3 meat rations
 r - 2 beef jerkies
 A - 2 slices of pizza
 B - a royal jelly


   Skills:
 - Level 1.5 Dodging
 - Level 8.0 Stealth
 - Level 5.8 Spellcasting
 - Level 5.3 Conjurations
 + Level 6.9 Fire Magic


You had 9 spell levels left.
You knew the following spells:

 Your Spells              Type           Power        Failure   Level  Hunger
a - Flame Tongue          Conj/Fire      ####.        1%          1    None
b - Throw Flame           Conj/Fire      ####..       1%          2    None
c - Conjure Flame         Conj/Fire      ####....     2%          3    ##.....
d - Sticky Flame          Conj/Fire      ####....     12%         4    ####...


Dungeon Overview and Level Annotations

Branches:
Dungeon (7/15)             Temple (1/1) D:6

Altars:
Dithmenos
Elyvilon
Fedhas
Kikubaaqudgha
Makhleb
Nemelex Xobeh
Okawaru
Qazlal
Ru
Sif Muna
Trog
Vehumet
Xom
Yredelemnul
Zin
The Shining One

Shops:
D:4 *

Annotations:
D:7 Joseph


Innate Abilities, Weirdness & Mutations

You cannot wear boots.
You can spit poison.
Your serpentine skin is tough (AC +3).
You have supernaturally acute eyesight.
Armour fits poorly on your strangely shaped body.
Your system is resistant to poisons.
You cover ground very slowly.


Message History

Aiming: Sticky Flame
Press: ? - help, Shift-Dir - straight line, f/p - hill giant
Aim: a hill giant, wielding a giant spiked club (lightly wounded)
The sticky flame hits the hill giant.
The hill giant is lightly wounded.
The hill giant is covered in liquid flames!
The hill giant burns!
The hill giant hits you with a giant spiked club!!!
Ouch! That really hurt!
* * * LOW HITPOINT WARNING * * *
The hill giant burns! x2
You have got your breath back.
The hill giant burns!
The hill giant misses you.
The hill giant burns!
The hill giant burns! x2
The hill giant burns!
The hill giant burns! x2
The hill giant stops burning.
The hill giant hits you with a giant spiked club!!
You die...

...#'#........
#..........( +..).# #...#
###....# #...# #...#'##
+...+ +...'.##+#...##
#+##.(.#'#.......#
.................+
..........<....C@#
..........#+##+#.........
#+####....#....#........
+....+....+........
#....#+##.#........
##+##+#....#+#####+##
+.....'....+
##.####....##+##+#
##..........


You could see a hill giant.

Vanquished Creatures
  A hungry ghost (D:7)
  An ice beast (D:5)
  A centaur (D:6)
  3 ogres
  Sigmund (D:2)
  Blork the orc (D:5)
  A giant frog (D:6)
  2 scorpions (D:4)
  A goliath beetle (D:6)
  An orc priest (D:4)
  A quasit (D:7)
  A centaur skeleton (D:5)
  An iguana (D:5)
  2 hounds
  4 worker ants
  6 orc wizards
  Terence (D:2)
  A hound skeleton (D:4)
  A worker ant zombie (D:6)
  Robin (D:4)
  6 adders
  8 gnolls
  A shadow imp (D:6)
  2 worms
  A giant mite (D:1)
  An ooze (D:2)
  31 orcs
  9 bats
  A bat zombie (D:5)
  8 giant cockroaches
  17 hobgoblins
  8 jackals
  3 quokkas (D:5)
  4 giant geckos
  6 giant newts
  27 goblins
  6 kobolds
  16 rats
187 creatures vanquished.

Vanquished Creatures (others)
  An orc warrior (D:6)
  An orc priest (D:6)
  An orc wizard (D:6)
3 creatures vanquished.

Grand Total: 190 creatures vanquished

Notes
Turn   | Place    | Note
--------------------------------------------------------------
     0 | D:1      | Fiveotanaka, the Naga Fire Elementalist, began the quest for the Orb.
     0 | D:1      | Reached XP level 1. HP: 15/15 MP: 3/3
   194 | D:1      | Reached XP level 2. HP: 10/22 MP: 0/5
   418 | D:1      | Learned a level 2 spell: Throw Flame
   684 | D:1      | Reached XP level 3. HP: 28/28 MP: 5/7
  1410 | D:2      | Noticed Sigmund
  1688 | D:2      | Reached XP level 4. HP: 36/36 MP: 6/9
  1737 | D:2      | Learned a level 3 spell: Conjure Flame
  1744 | D:2      | Found a burning altar of Makhleb.
  1745 | D:2      | Noticed a green death
  1748 | D:2      | Found a glowing silver altar of Zin.
  1748 | D:2      | Noticed an angel
  1939 | D:2      | Noticed Terence
  1940 | D:2      | Reached skill level 4 in Stealth
  2602 | D:3      | Reached XP level 5. HP: 42/42 MP: 2/11
  3191 | D:2      | Killed Sigmund
  3191 | D:2      | Reached XP level 6. HP: 9/49 MP: 0/12
  3349 | D:2      | Killed Terence
  3726 | D:3      | Reached skill level 5 in Stealth
  3862 | D:3      | Reached skill level 5 in Conjurations
  4410 | D:3      | Found a sacrificial altar of Ru.
  4758 | D:4      | Reached XP level 7. HP: 55/55 MP: 12/15
  4770 | D:4      | Found Mnozuak's Assorted Antiques.
  4783 | D:4      | Bought a thin platinum amulet for 85 gold pieces
  5074 | D:4      | Noticed Robin
  5133 | D:4      | Killed Robin
  5434 | D:4      | Reached skill level 6 in Stealth
  5551 | D:4      | Found a sparkling altar of Nemelex Xobeh.
  5749 | D:5      | Entered Level 5 of the Dungeon
  6103 | D:5      | Reached skill level 7 in Stealth
  6206 | D:5      | Reached skill level 5 in Spellcasting
  6506 | D:5      | Noticed Blork the orc
  6516 | D:5      | Killed Blork the orc
  6516 | D:5      | Reached XP level 8. HP: 62/62 MP: 8/20
  6668 | D:5      | Found an iron altar of Okawaru.
  7811 | D:6      | Reached skill level 8 in Stealth
  7885 | D:6      | Learned a level 4 spell: Sticky Flame
  8128 | D:6      | Reached skill level 5 in Fire Magic
  8258 | D:6      | Found an ancient bone altar of Kikubaaqudgha.
  8258 | D:6      | Found a shimmering altar of Xom.
  8311 | D:6      | Found a white marble altar of Elyvilon.
  8312 | D:6      | Found a stormy altar of Qazlal.
  8315 | D:6      | Found a bloodstained altar of Trog.
  8315 | D:6      | Found a shadowy altar of Dithmenos.
  8612 | D:6      | Found a staircase to the Ecumenical Temple.
  8622 | Temple   | Entered the Ecumenical Temple
  8711 | Temple   | Became a worshipper of Vehumet
  8896 | D:7      | Noticed Joseph
  9084 | D:7      | Reached XP level 9. HP: 68/68 MP: 1/22
  9347 | D:7      | Noticed a hill giant
  9375 | D:7      | Demolished by a hill giant

Action                   |  1- 3 |  4- 6 |  7- 9 || total
-------------------------+-------+-------+-------++-------
Melee: Short sword       |       |    19 |   103 ||   122
Throw: Stone             |       |     1 |       ||     1
 Cast: Flame Tongue      |    48 |   123 |   108 ||   279
       Throw Flame       |       |    21 |    75 ||    96
       Sticky Flame      |       |       |     4 ||     4
 Abil: Spit Poison       |     8 |    18 |    42 ||    68
  Use: Scroll            |       |     1 |     5 ||     6
 Stab: Distracted        |       |     1 |       ||     1
  Eat: Chunk             |     3 |    11 |    18 ||    32
